 Dungeon Crawl Stone Soup version 0.24.0-13-gcf9b319 (webtiles) character file.

Game seed: 16336639069797722018, levelgen mode: deterministic

508 Afromullet the Charmwright (level 7, -2/56 HPs)
             Began as a Gnoll Skald on Feb 3, 2020.
             Slain by Duvessa
             ... wielding a +0 short sword
              (10 damage)
             ... on level 5 of the Dungeon.
             The game lasted 00:13:26 (4261 turns).

Afromullet the Charmwright (Gnoll Skald)            Turns: 4261, Time: 00:13:26

Health: -2/56      AC:  3    Str: 15    XL:     7   Next: 18%
Magic:  0/15       EV: 14    Int: 16    God:
Gold:   171        SH:  0    Dex: 14    Spells: 12/17 levels left

rFire    . . .     SeeInvis .   a - +1 falchion
rCold    + . .     Gourm    .   (no shield)
rNeg     . . .     Faith    .   f - +0 leather armour (curse)
rPois    .         Spirit   +   (no helmet)
rElec    .         Reflect  .   (no cloak)
rCorr    .         Harm     .   (no gloves)
MR       .....                  (no boots)
Stlth    ++........             e - amulet of guardian spirit
HPRegen  0.18/turn              g - ring of protection from cold
MPRegen  0.14/turn              m - ring of flight

@: singing, hasted, very quick
A: distributed training, fangs 1, strong nose
a: Evoke Flight


You were on level 5 of the Dungeon.
You were not hungry.

You visited 1 branch of the dungeon, and saw 6 of its levels.

You collected 171 gold pieces.

Inventory:

Hand Weapons
 a - a +1 falchion (weapon)
 i - a +2 antimagic war axe
Armour
 b - a +0 leather armour
 f - a cursed +0 leather armour (worn)
Jewellery
 e - an amulet of guardian spirit (around neck)
 g - a ring of protection from cold (left hand)
 m - a ring of flight (right hand)
Scrolls
 c - a scroll of remove curse
 l - 3 scrolls of identify
Potions
 h - a potion of curing
 j - 2 potions of cancellation
 n - a potion of magic
Comestibles
 d - 9 rations


   Skills:
 + Level 5.1 Fighting
 + Level 2.2 Short Blades
 + Level 5.1 Long Blades
 + Level 2.2 Axes
 + Level 2.2 Maces & Flails
 + Level 2.2 Polearms
 + Level 2.2 Staves
 + Level 2.2 Slings
 + Level 2.2 Bows
 + Level 2.2 Crossbows
 + Level 2.2 Throwing
 + Level 3.4 Armour
 + Level 5.1 Dodging
 + Level 2.2 Stealth
 + Level 2.2 Shields
 + Level 2.2 Unarmed Combat
 + Level 5.5 Spellcasting
 + Level 1.8 Conjurations
 + Level 1.8 Hexes
 + Level 5.7 Charms
 + Level 1.8 Summonings
 + Level 1.8 Necromancy
 + Level 1.8 Translocations
 + Level 1.8 Transmutations
 + Level 1.8 Fire Magic
 + Level 1.8 Ice Magic
 + Level 1.8 Air Magic
 + Level 1.8 Earth Magic
 + Level 1.8 Poison Magic
 + Level 2.5 Invocations
 + Level 2.2 Evocations


You had 12 spell levels left.
You knew the following spells:

 Your Spells              Type           Power        Failure   Level  Hunger
a - Infusion              Chrm           ###.         1%          1    None
b - Song of Slaying       Chrm           ###.....     2%          2    #......
c - Shroud of Golubria    Chrm/Tloc      ###...       5%          2    #......

Your spell library contained the following spells:

 Spells                   Type           Power        Failure   Level  Hunger
 Regeneration             Chrm/Necr      ###.......   11%         3    ###....
 Spectral Weapon          Hex/Chrm       ###.....     11%         3    ###....


Dungeon Overview and Level Annotations

Branches:
Dungeon (6/15)
 Temple: D:4-7

Altars:
Hepliaklqana
Xom

Annotations:
D:5 Dowan, Duvessa


Innate Abilities, Weirdness & Mutations

Your experience applies equally to all skills.
You have very sharp teeth.
Your uncanny sense of smell can sniff out nearby items.


Message History

You feel better. The adder skeleton barely misses you.
Dowan hits you with a +0 dagger.
* * * LOW HITPOINT WARNING * * *
Duvessa barely misses you. The orc barely misses you.
The ogre barely misses you.
You riposte.
You hit the ogre.
The ogre is lightly wounded.
The adder skeleton misses you.
You feel better. Dowan gestures at you while chanting.
The puff of flame hits you!
* * * LOW HITPOINT WARNING * * *
Duvessa hits you with a +0 short sword.
* * * LOW HITPOINT WARNING * * *
The orc barely misses you. The adder skeleton closely misses you.
You riposte.
You closely miss the adder skeleton. Your bite misses the adder skeleton.
You feel yourself speed up. The ogre closely misses you.
Dowan hits you with a +0 dagger.
* * * LOW HITPOINT WARNING * * *
Duvessa hits you with a +0 short sword!
You die...

..# .# ... #.#.#
..##.#.#
####..#.#.###
.##[...........
...............
.........Z.#
....###.oee###
........Z@...#
..........O..#
#............+
#......#.....#
#......###'#.# #.#
#............# #.#
#........#.#.# #.#
#........#.#.####.#
###...............###


You could see Duvessa, an ogre, Dowan, an orc, an adder skeleton and a bullfrog
skeleton.

Vanquished Creatures
  2 ogres (D:4)
  A scorpion (D:4)
  A hound (D:4)
  An orc priest (D:5)
  An orc wizard (D:4)
  A centaur skeleton (D:4)
  A worker ant (D:4)
  5 adders
  An ooze (D:2)
  2 worms (D:2)
  2 dart slugs
  4 leopard geckos
  7 orcs
  A ball python (D:1)
  2 giant cockroaches
  7 goblins
  8 hobgoblins
  10 jackals
  7 kobolds
  2 quokkas
  10 bats
  5 frilled lizards
  A leopard gecko skeleton (D:4)
  A quokka skeleton (D:5)
  7 rats
90 creatures vanquished.

Vanquished Creatures (others)
  A quokka (D:6)
1 creature vanquished.

Grand Total: 91 creatures vanquished

Notes
Turn   | Place    | Note
-------+----------+-------------------------------------------
     0 | D:1      | Afromullet the Gnoll Skald began the quest for the Orb.
     0 | D:1      | Reached XP level 1. HP: 20/20 MP: 6/6
   116 | D:1      | Reached XP level 2. HP: 23/26 MP: 7/7
   123 | D:1      | Learned a level 2 spell: Song of Slaying
   126 | D:1      | Learned a level 2 spell: Shroud of Golubria
   432 | D:1      | Reached XP level 3. HP: 29/31 MP: 9/9
   539 | D:1      | Reached skill level 5 in Spellcasting
   859 | D:1      | Reached skill level 1 in Invocations
   908 | D:2      | Reached skill level 1 in Short Blades
   908 | D:2      | Reached skill level 1 in Axes
   908 | D:2      | Reached skill level 1 in Maces & Flails
   908 | D:2      | Reached skill level 1 in Polearms
   908 | D:2      | Reached skill level 1 in Staves
   908 | D:2      | Reached skill level 1 in Slings
   908 | D:2      | Reached skill level 1 in Bows
   908 | D:2      | Reached skill level 1 in Crossbows
   908 | D:2      | Reached skill level 1 in Throwing
   908 | D:2      | Reached skill level 1 in Stealth
   908 | D:2      | Reached skill level 1 in Shields
   908 | D:2      | Reached skill level 1 in Unarmed Combat
   908 | D:2      | Reached skill level 1 in Evocations
   977 | D:2      | Reached XP level 4. HP: 38/38 MP: 8/11
  1217 | D:2      | Found a shimmering altar of Xom.
  1238 | D:2      | Found a shimmering altar of Xom.
  1819 | D:3      | Reached skill level 1 in Conjurations
  1819 | D:3      | Reached skill level 1 in Hexes
  1819 | D:3      | Reached skill level 1 in Summonings
  1819 | D:3      | Reached skill level 1 in Necromancy
  1819 | D:3      | Reached skill level 1 in Translocations
  1819 | D:3      | Reached skill level 1 in Transmutations
  1819 | D:3      | Reached skill level 1 in Fire Magic
  1819 | D:3      | Reached skill level 1 in Ice Magic
  1819 | D:3      | Reached skill level 1 in Air Magic
  1819 | D:3      | Reached skill level 1 in Earth Magic
  1819 | D:3      | Reached skill level 1 in Poison Magic
  2127 | D:3      | Reached XP level 5. HP: 43/43 MP: 12/12
  2441 | D:3      | Found a hazy altar of Hepliaklqana.
  2708 | D:4      | Noticed an ogre
  2746 | D:4      | Killed an ogre
  2746 | D:4      | Reached XP level 6. HP: 47/50 MP: 12/14
  2748 | D:4      | Reached skill level 5 in Fighting
  2748 | D:4      | Reached skill level 5 in Long Blades
  2748 | D:4      | Reached skill level 5 in Dodging
  3292 | D:5      | Entered Level 5 of the Dungeon
  3727 | D:4      | Reached XP level 7. HP: 21/56 MP: 6/15
  4029 | D:5      | Noticed a hungry ghost
  4236 | D:5      | Noticed Duvessa
  4245 | D:5      | Noticed Dowan
  4257 | D:6      | HP: 2/56 [Duvessa/+0 short sword (10)]
  4261 | D:5      | Slain by Duvessa

Levels and vault maps discovered:
D:1:      dpeg_arrival_erosion, layout_basic, palyth_stone_intersect,
          minmay_unequal
D:2:      layout_basic, xom_redecorated
D:3:      layout_loops_ring, old_standard_altar
D:4:      layout_cave_pools
D:5:      layout_basic, first_ration, wad_floor_pattern_2,
          kennysheep_generic_room_11, uniq_duvessa
D:6:      layout_loops_ring, minmay_temple_entry_offerings, serial_bayou,
          serial_bayou_lagoon_b, serial_bayou_shore_b, serial_bayou_lagoon_a,
          serial_bayou_lake_a, eino_tiny_chamber

Skill      XL: |  1  2  3  4  5  6 |
---------------+-------------------+-----
Spellcasting   | 5 |  5.5
Invocations    | 1 2 |  2.5
Short Blades   | 1 2 |  2.2
Axes           | 1 2 |  2.2
Maces & Flails | 1 2 |  2.2
Polearms       | 1 2 |  2.2
Staves         | 1 2 |  2.2
Slings         | 1 2 |  2.2
Bows           | 1 2 |  2.2
Crossbows      | 1 2 |  2.2
Throwing       | 1 2 |  2.2
Stealth        | 1 2 |  2.2
Shields        | 1 2 |  2.2
Unarmed Combat | 1 2 |  2.2
Evocations     | 1 2 |  2.2
Conjurations   | 1 |  1.8
Hexes          | 1 |  1.8
Summonings     | 1 |  1.8
Necromancy     | 1 |  1.8
Translocations | 1 |  1.8
Transmutations | 1 |  1.8
Fire Magic     | 1 |  1.8
Ice Magic      | 1 |  1.8
Air Magic      | 1 |  1.8
Earth Magic    | 1 |  1.8
Poison Magic   | 1 |  1.8
Armour         | 3 |  3.4
Fighting       | 5 |  5.1
Long Blades    | 5 |  5.1
Dodging        | 5 |  5.1
Charms         | |  5.7

Action                   |  1- 3 |  4- 6 |  7- 9 || total
-------------------------+-------+-------+-------++-------
Melee: Falchion          |    63 |   146 |    26 ||   235
       Bite              |     6 |    22 |     2 ||    30
 Cast: Shroud of Golubri |     4 |     9 |     2 ||    15
       Song of Slaying   |     1 |     8 |     1 ||    10
       Infusion          |       |     1 |       ||     1
  Use: Scroll            |     8 |     4 |       ||    12
       Potion            |       |     2 |     3 ||     5
 Stab: Sleeping          |     1 |       |       ||     1
       Distracted        |       |     1 |       ||     1
  Eat: Chunk             |       |     3 |       ||     3
       Ration            |       |     2 |     1 ||     3
Armor: Leather armour    |    26 |    40 |     4 ||    70
Dodge: Dodged            |   105 |   141 |    34 ||   280
       Rpst.: Falchion   |    27 |    50 |    14 ||    91
